 Dungeon Crawl Stone Soup version 0.25-a0-528-g6b7c99946c (webtiles) character file.

Game seed: 5234857980333932347, levelgen mode: classic

51362 EnegeticOcto the Cleaver (level 14, -17/136 HPs)
             Began as a Deep Dwarf Fighter on Feb 19, 2020.
             Was a High Priest of Makhleb.
             Shot with a bolt by a naga sharpshooter (19 damage)
             ... led by Vashnia
             ... on level 3 of the Snake Pit.
             The game lasted 00:11:28 (12770 turns).

EnegeticOcto the Cleaver (Deep Dwarf Fighter)      Turns: 12770, Time: 00:11:29

Health: -17/136    AC: 23    Str: 29    XL:     14   Next: 23%
Magic:  16/16      EV: 10    Int: 12    God:    Makhleb [*****.]
Gold:   315        SH:  0    Dex: 10    Spells: 13/13 levels left

rFire    + + +     SeeInvis +   K - +4 battleaxe of Corporal Punishment {flame, Int+4 Dex-2}
rCold    x . .     Gourm    .   (shield currently unavailable)
rNeg     + . .     Faith    .   A - +5 chain mail {rF+}
rPois    +         Spirit   .   F - +3 crown of Dyrovepreva {rElec Int+2 SInv}
rElec    +         Reflect  .   C - scarf {repulsion}
rCorr    .         Harm     .   (no gloves)
MR       ++...                  d - +2 pair of boots {Fly}
Stlth    ..........             (no amulet)
HPRegen  0.00/turn              N - ring "Wohomm" {Fire rPois Str+3 Slay+3}
MPRegen  0.15/turn              I - ring "Izxaewux" {+Fly rPois rF+, =R}

@: lethally poisoned (-17 -> -17), flying, non-regenerating, constricted, repel
missiles
A: damage resistance, heal wounds, dopey 1, mutation resistance 1, negative
energy resistance 1, sense surroundings 2, electricity resistance, no
regeneration
a: Heal Wounds, Minor Destruction, Lesser Servant of Makhleb, Major Destruction,
Greater Servant of Makhleb, Renounce Religion, Stop Flying


You were on level 3 of the Snake Pit.
You worshipped Makhleb.
Makhleb was extremely pleased with you.
You were not hungry.

You visited 5 branches of the dungeon, and saw 23 of its levels.

You collected 2987 gold pieces.
You spent 2672 gold pieces at shops.

Inventory:

Hand Weapons
 a - a +0 war axe
 D - the +4 hand axe of Xazezunitu {vorpal, +Rage rN+}
   (You found it on level 11 of the Dungeon)

   It inflicts extra damage upon your enemies.
   It protects you from negative energy.
   It lets you go berserk.
 K - the +4 battleaxe of Corporal Punishment (weapon) {flame, Int+4 Dex-2}
   (You bought it in a shop on level 2 of the Orcish Mines)

   It has been specially enchanted to burn those struck by it, causing extra
   injury to most foes and up to half again as much damage against particularly
   susceptible opponents.
   Big, fiery blades are also staple armaments of hydra-hunters.
   It affects your intelligence (+4).
   It affects your dexterity (-2).
Missiles
 l - 6 throwing nets (quivered)
Armour
 d - a +2 pair of boots of flying (worn)
 u - a +2 cloak
 A - a +5 chain mail of fire resistance (worn)
 C - a scarf of repulsion (worn)
 F - the +3 crown of Dyrovepreva (worn) {rElec Int+2 SInv}
   (You bought it in a shop on level 2 of the Orcish Mines)

   It affects your intelligence (+2).
   It insulates you from electricity.
   It lets you see invisible.
   If you remove this armour, your AC will decrease by 3 (23 -> 20).
Jewellery
 o - a +4 ring of protection
 I - the ring "Izxaewux" (right hand) {+Fly rPois rF+, =R}
   (You found it on level 12 of the Dungeon)

   [ring of flight]

   It protects you from fire.
   It protects you from poison.
   It lets you fly.
 N - the ring "Wohomm" (left hand) {Fire rPois Str+3 Slay+3}
   (You bought it in a shop on level 1 of the Snake Pit)

   [ring of fire]

   It enhances your fire magic.
   It affects your strength (+3).
   It affects your accuracy and damage with ranged weapons and melee attacks
   (+3).
   It protects you from fire.
   It makes you vulnerable to cold.
   It protects you from poison.
 P - an uncursed ring of resist corrosion {unknown}
Wands
 i - a wand of disintegration (13)
 p - a wand of digging (3) {@V2}
 r - a wand of paralysis (12)
 x - a wand of iceblast (5)
 y - a wand of flame (41)
 B - a wand of polymorph (20)
Scrolls
 b - 3 scrolls of identify {@r1}
 g - 11 scrolls of remove curse {@r6}
 q - 3 scrolls of fog
 t - 2 scrolls of magic mapping {@r5}
 z - 2 scrolls of fear
 E - a scroll of enchant weapon
 J - 5 scrolls of vulnerability
 L - 2 scrolls of enchant armour
 M - a scroll of teleportation {@r2}
 O - a scroll of blinking {@r3}
Potions
 c - a potion of invisibility
 f - a potion of mutation
 h - 5 potions of curing {@q1}
 j - 4 potions of stabbing {@q5}
 k - 7 potions of might {@q3}
 m - a potion of resistance {@q6}
 n - 2 potions of haste {@q4}
 s - 3 potions of brilliance
 v - 2 potions of heal wounds {@q2}
 w - 2 potions of flight
 G - 2 potions of lignification {@q7}
 H - a potion of cancellation {unknown}
Comestibles
 e - 27 rations
 Q - 2 chunks of flesh


   Skills:
 * Level 11.8 Fighting
 * Level 13.5 Axes
 + Level 10.3 Armour
 + Level 9.8 Dodging
   Level 9.3 Shields
 * Level 13.1 Invocations


You had 13 spell levels left.
You didn't know any spells.
Your spell library contained the following spells:

 Spells                   Type           Power        Failure   Level  Hunger
 Corona                   Hex            #......      80%         1    ##.....
 Ensorcelled Hibernation  Hex/Ice        #.....       90%         2    ###....
 Confusing Touch          Hex            #.......     99%         3    ####...
 Dazzling Flash           Conj/Hex       #.....       99%         3    ####...
 Recall                   Summ/Tloc      N/A          99%         3    ####...
 Tukima's Dance           Hex            #.......     99%         3    ####...
 Animate Dead             Necr           N/A          100%        4    #####..
 Borgnjor's Vile Clutch   Necr/Erth      #.........   100%        5    ######.
 Death Channel            Necr           #.........   100%        6    #######
 Simulacrum               Ice/Necr       #.........   100%        6    #######


Dungeon Overview and Level Annotations

Branches:
Dungeon (13/15)            Temple (1/1) D:6            Lair (4/6) D:8
 Shoals (0/4) Lair:4        Snake (3/4) Lair:3          Orc (2/2) D:11
    Elf (0/3) Orc:2
 Vaults: D:13-14

Altars:
Ashenzari
Cheibriados
Dithmenos
Elyvilon
Fedhas
Gozag
Hepliaklqana
Kikubaaqudgha
Makhleb
Okawaru
Ru
Sif Muna
Uskayaw
Vehumet
Yredelemnul
The Shining One

Shops:
D:5 (   D:7 [   D:9 :   D:11 [[}}[   Orc:1 [   Orc:2 [[}(   Snake:1 =

Annotations:
D:10 2 transporters
Lair:3 2 transporters, Somi's ghost, journeyman MiBe
Snake:3 Vashnia


Innate Abilities, Weirdness & Mutations

You are resistant to damage.
You can heal yourself by infusing magical energy.
You resist negative energy. (rN+)
You passively map the area around you.
You do not regenerate.
You are dopey. (Int -2)
You are somewhat resistant to further mutation.
You are resistant to electric shocks. (rElec)


Message History

The naga sharpshooter wields a +0 arbalest.
The naga sharpshooter gestures wildly while chanting.
The naga sharpshooter magically shoots a bolt.
The bolt is repelled.
The guardian serpent coils itself and performs some mystic snake dance.
The naga sharpshooter blinks!
The naga sharpshooter shoots a bolt.
The bolt misses you.
The bolt hits the naga warrior!
The naga sharpshooter casts a spell.
The naga sharpshooter magically shoots a bolt.
The bolt hits you but does no damage. The black mamba bites your hellwing!
The naga warrior barely misses you. The naga warrior grabs you.
The naga warrior constricts you.
The mana viper bites you but does no damage.
The naga warrior spits poison at you.
The splash of poison is repelled.
The splash of poison misses the mana viper.
Vashnia mumbles some strange words.
The naga sharpshooter blinks!
The black mamba blinks!
The mana viper blinks!
You feel much better.
The naga sharpshooter shoots a bolt.
The bolt is repelled.
The naga warrior barely misses you. The naga warrior constricts you.
The naga sharpshooter casts a spell.
The naga sharpshooter magically shoots a bolt.
The bolt hits you but does no damage.
Vashnia shoots an arrow.
The arrow hits you!
The naga warrior hits you with a +0 trident!!
The naga warrior blocks your hellwing's attack. x2
You feel much better.
The naga sharpshooter mumbles some strange words.
The naga sharpshooter magically shoots a bolt.
The bolt hits you.
The naga sharpshooter gestures wildly while chanting.
The naga sharpshooter magically shoots a bolt.
The bolt hits you but does no damage.
The naga sharpshooter spits poison at you.
The splash of poison hits you but does no damage.
You are poisoned.
You resist.
The naga warrior hits you but does no damage.
The naga warrior constricts you. The naga warrior closely misses you.
The naga sharpshooter mumbles some strange words.
The naga sharpshooter magically shoots an arrow.
The arrow hits you but does no damage.
The naga sharpshooter mumbles some strange words.
The naga sharpshooter magically shoots a bolt.
The bolt is repelled.
A demon appears!
It doesn't seem very happy.
Vashnia shoots an arrow.
The arrow hits you!! The arrow burns you.
The naga sharpshooter casts a spell.
The naga sharpshooter magically shoots a bolt.
The bolt is repelled.
The naga sharpshooter mumbles some strange words.
The naga sharpshooter magically shoots a bolt.
The bolt hits you.
The naga sharpshooter casts a spell.
The naga sharpshooter magically shoots a bolt.
The bolt is repelled.
Your hellwing hits the naga sharpshooter!
Your hellwing hits the naga sharpshooter but does no damage.
The naga warrior hits you but does no damage.
The naga warrior constricts you.
A demon appears!
The naga warrior spits poison at you.
The splash of poison is repelled.
The splash of poison hits your hellwing.
Your hellwing is poisoned.
Vashnia says, "We do not look kindly on intruders!"
Vashnia spits poison at you.
The splash of poison hits you but does no damage.
You are more poisoned.
You resist.
The naga sharpshooter gestures wildly while chanting.
The naga sharpshooter magically shoots a bolt.
The bolt hits you!
* * * LOW HITPOINT WARNING * * *
The naga sharpshooter shoots a bolt.
The bolt hits you!
* * * LOW HITPOINT WARNING * * *
The naga sharpshooter gestures wildly while chanting.
The naga sharpshooter magically shoots a bolt.
The bolt hits you!
* * * LOW HITPOINT WARNING * * *
The green death hits your hellwing but does no damage.
You feel much better.
The naga warrior hits you but does no damage.
The naga warrior hits you with a +0 flail!
The naga warrior constricts you.
The naga sharpshooter mumbles some strange words.
The naga sharpshooter magically shoots an arrow.
The arrow hits you but does no damage.
Vashnia shoots an arrow.
The arrow hits you!!
* * * LOW HITPOINT WARNING * * *
The naga sharpshooter casts a spell.
The naga sharpshooter magically shoots a bolt.
The bolt hits you!!
* * * LOW HITPOINT WARNING * * *
The naga sharpshooter mumbles some strange words.
The naga sharpshooter magically shoots a bolt.
The bolt hits you!!
You die...

** , ,,* , ,,, , ,
........... , *
............ ,.... , ,
........... ......
......N............ * ,
#SS.....# #.<...... * *
#NS....# ##....... ,
*##NNN...###........ **
.. ##N@.2....#.........
,
,...#.N4N..^............
,
.....2.(...............
, ,
........(...(...........
, ,
........?(((((....##....
* , ,
.........((.......###...
*
..>...###...).....###..#
....$........###..##...#
##.########..###......#


You could see Vashnia, 2 naga warriors, 5 naga sharpshooters, a green death, a
mana viper, a guardian serpent, a black mamba, a friendly cacodemon and a
friendly hellwing.

Vanquished Creatures
  Snorg (D:12)
  Josephine (D:12)
  Erolcha (D:11)
  Harold (D:7)
  3 hydras
  2 two-headed ogres
  3 naga warriors
  An anaconda (Snake:1)
  A shock serpent (Snake:1)
  4 naga sharpshooters (Snake:1)
  An orc high priest (Orc:2)
  An unseen horror (D:9)
  2 naga ritualists
  2 orc knights (Orc:1)
  2 ugly things
  2 mana vipers (Snake:1)
  2 orc sorcerers (Orc:2)
  2 salamanders (Snake:3)
  A cyclops (D:11)
  2 deep elf magi (D:12)
  2 wolf spiders (Lair:3)
  Maurice (D:12)
  2 merfolk sirens (Lair:4)
  6 black mambas
  A torpor snail (Lair:4)
  3 naga magi
  4 spiny frogs
  4 komodo dragons
  2 queen bees
  A polar bear (Lair:4)
  5 trolls
  7 blink frogs
  3 hippogriffs
  22 yaks
  A wyvern (Lair:1)
  4 basilisks
  A hungry ghost (D:12)
  6 wraiths
  2 steam dragons
  3 wargs
  6 nagas
  7 porcupines
  Duvessa (D:7)
  7 water moccasins
  5 sky beasts
  A black bear (Lair:4)
  14 orc warriors
  5 ice beasts
  14 ogres
  6 wolves
  3 phantoms
  8 centaurs
  A big kobold (D:8)
  8 crocodiles
  12 bullfrogs
  A gnoll sergeant (D:8)
  A wyvern zombie (D:11)
  5 scorpions
  Dowan (D:7)
  38 killer bees
  9 howler monkeys
  4 crimson imps
  A bullfrog zombie (D:6)
  4 hounds
  12 orc priests
  3 jellies
  A centaur zombie (D:10)
  24 orc wizards
  2 gnoll shamans (D:7)
  2 centaur skeletons
  A hell rat (Lair:3)
  9 iguanas
  Ijyb (D:4)
  10 worker ants
  A hound zombie (D:7)
  A hound skeleton (D:7)
  2 worker ant zombies
  18 gnolls
  24 adders
  3 shadow imps
  An adder zombie (D:8)
  3 oozes
  An adder skeleton (D:8)
  A worm (D:2)
  5 leopard geckos
  63 orcs
  6 giant cockroaches
  A goblin (D:3)
  2 hobgoblins (D:2)
  2 jackals (D:5)
  4 quokkas
  5 frilled lizards
  A jackal skeleton (D:6)
  13 kobolds
  A quokka skeleton (D:4)
  5 rats
  2 fungi
  9 plants
516 creatures vanquished.

Vanquished Creatures (collateral kills)
  2 two-headed ogres
  4 orc sorcerers (Orc:2)
  An ugly thing (D:11)
  A cyclops (Orc:2)
  A warg (Orc:2)
  7 orc warriors (Orc:2)
  A big kobold (D:12)
  A water moccasin zombie (D:11)
  4 orc priests (Orc:2)
  A hound (D:12)
  15 orc wizards (Orc:2)
  A gnoll (D:11)
  5 orcs
  2 kobolds (D:12)
46 creatures vanquished.

Vanquished Creatures (others)
  An orc priest (Orc:2)
  An orc wizard (Orc:2)
  2 fungi
  5 plants (Lair:3)
9 creatures vanquished.

Grand Total: 571 creatures vanquished

Notes
Turn   | Place    | Note
-------+----------+-------------------------------------------
     0 | D:1      | EnegeticOcto the Deep Dwarf Fighter began the quest for the
                  | Orb.
     0 | D:1      | Reached XP level 1. HP: 20/20 MP: 1/1
    89 | D:2      | Reached XP level 2. HP: 27/27 MP: 2/2
   118 | D:2      | Reached XP level 3. HP: 17/34 MP: 3/3
   141 | D:2      | Reached skill level 1 in Dodging
   506 | D:3      | Found an opulent altar of Gozag.
   636 | D:3      | Reached XP level 4. HP: 40/42 MP: 4/4
   981 | D:4      | You fall into a shaft and drop 3 floors!
   987 | D:7      | Noticed a bullfrog
  1001 | D:7      | Killed a bullfrog
  1001 | D:7      | Reached XP level 5. HP: 47/50 MP: 4/4
  1024 | D:7      | Reached XP level 6. HP: 55/57 MP: 5/5
  1110 | D:7      | Gained mutation: You are surrounded by a mild repulsion
                  | field. (EV +2) [potion of mutation]
  1110 | D:7      | Gained mutation: Your muscles are strong. (Str +2) [potion
                  | of mutation]
  1132 | D:7      | Reached XP level 7. HP: 43/66 MP: 5/5
  1143 | D:7      | Reached skill level 5 in Axes
  1245 | D:7      | Noticed Harold
  1270 | D:7      | Killed Harold
  1270 | D:7      | Reached skill level 5 in Fighting
  1270 | D:7      | Reached skill level 5 in Armour
  1270 | D:7      | Reached skill level 5 in Shields
  1270 | D:7      | Reached XP level 8. HP: 39/75 MP: 6/6
  1711 | D:5      | Entered Level 5 of the Dungeon
  1899 | D:4      | Gained mutation: You passively map the area around you.
                  | [Deep Dwarf growth]
  1899 | D:4      | Reached XP level 9. HP: 61/84 MP: 7/7
  1992 | D:4      | Noticed Ijyb
  2009 | D:4      | Killed Ijyb
  2072 | D:4      | Found an ancient bone altar of Kikubaaqudgha.
  2072 | D:4      | Found a white marble altar of Elyvilon.
  2080 | D:4      | Found a radiant altar of Vehumet.
  2642 | D:5      | Reached skill level 5 in Dodging
  2919 | D:5      | Found Giptov's Weapon Emporium.
  3525 | D:6      | Found a staircase to the Ecumenical Temple.
  3533 | Temple   | Entered the Ecumenical Temple
  3593 | Temple   | Became a worshipper of Makhleb the Destroyer
  3850 | D:7      | Noticed Duvessa
  3850 | D:7      | Noticed Dowan
  3858 | D:7      | Reached skill level 1 in Invocations
  3859 | D:7      | Killed Dowan
  3868 | D:7      | Killed Duvessa
  4173 | D:7      | Found Aroimeut's Armour Boutique.
  4176 | D:7      | Bought a +2 pair of boots of flying for 279 gold pieces
  4515 | D:8      | Reached XP level 10. HP: 69/94 MP: 7/9
  4558 | D:8      | Reached * piety under Makhleb
  5199 | D:8      | Found a staircase to the Lair.
  5276 | D:9      | Reached skill level 5 in Invocations
  5349 | D:9      | Killed an unseen horror
  5349 | D:9      | Reached ** piety under Makhleb
  5356 | D:9      | Identified a scroll of acquirement
  5483 | D:9      | Found Teworal's Book Emporium.
  5698 | D:9      | Noticed a two-headed ogre
  5710 | D:9      | Killed a two-headed ogre
  5735 | D:9      | Reached XP level 11. HP: 104/104 MP: 10/10
  5951 | D:10     | Entered Level 10 of the Dungeon
  5982 | D:10     | Reached skill level 10 in Axes
  6035 | D:10     | Found a transporter.
  6036 | D:10     | Noticed an ogre mage
  6037 | D:10     | Noticed a white ugly thing
  6050 | D:10     | Reached *** piety under Makhleb
  6154 | D:10     | Identified the +3 dagger "Erphyot" {flame, *Contam +Rage
                  | rElec Int+5}
  6163 | D:10     | Found a transporter.
  6805 | D:11     | Noticed a four-headed hydra
  6817 | D:11     | Killed a five-headed hydra
  6896 | D:11     | Noticed a two-headed ogre
  6906 | D:11     | Killed a two-headed ogre
  6918 | D:11     | Noticed a green ugly thing
  6924 | D:11     | Killed a green ugly thing
  6982 | D:11     | Found Nyerr's Antique Armour Shoppe.
  6987 | D:11     | Bought a faintly glowing chain mail for 285 gold pieces
  6987 | D:11     | Identified the +6 chain mail of the Lobster {*Slow rPois
                  | Str+3 Int+8} (You bought it in a shop on level 11 of the
                  | Dungeon)
  6999 | D:11     | Found Aletog's Gadget Shop.
  7015 | D:11     | Reached **** piety under Makhleb
  7040 | D:11     | Found Durar's Armour Shoppe.
  7107 | D:11     | Got a twisted hand axe
  7108 | D:11     | Identified the +4 hand axe of Xazezunitu {vorpal, +Rage
                  | rN+} (You found it on level 11 of the Dungeon)
  7184 | D:11     | Found Foku's Gadget Emporium.
  7196 | D:11     | Noticed Erolcha
  7217 | D:11     | Killed Erolcha
  7246 | D:11     | Noticed a green ugly thing
  7267 | D:11     | Killed a green ugly thing
  7267 | D:11     | Reached XP level 12. HP: 106/115 MP: 12/12
  7280 | D:11     | Found Cuefrel's Armour Boutique.
  7285 | D:11     | Found a staircase to the Orcish Mines.
  7676 | D:12     | Noticed Josephine
  7691 | D:12     | Killed Josephine
  7792 | D:12     | Noticed Snorg
  7815 | D:12     | Killed Snorg
  7843 | D:12     | Noticed Maurice
  7858 | D:12     | Killed Maurice
  8443 | D:12     | Reached skill level 10 in Fighting
  8452 | D:12     | Got a pitted granite ring
  8463 | D:12     | Identified the ring "Izxaewux" {+Fly rPois rF+} (You found
                  | it on level 12 of the Dungeon)
  8575 | Orc:1    | Entered Level 1 of the Orcish Mines
  8575 | Orc:1    | Noticed a two-headed ogre
  8591 | Orc:1    | Killed a two-headed ogre
  8591 | Orc:1    | Reached skill level 10 in Invocations
  8699 | Orc:1    | Reached ***** piety under Makhleb
  8970 | Orc:1    | Found Revoa's Armour Emporium.
  9108 | Orc:2    | Entered Level 2 of the Orcish Mines
  9165 | Orc:2    | Noticed an orc high priest
  9173 | Orc:2    | Killed an orc high priest
  9385 | Orc:2    | Noticed a two-headed ogre
  9393 | Orc:2    | Killed a two-headed ogre
  9393 | Orc:2    | Reached XP level 13. HP: 65/124 MP: 14/14
  9497 | Orc:2    | Found Defumesi's Weapon Shop.
  9497 | Orc:2    | Found Dig Por's Armour Boutique.
  9497 | Orc:2    | Found Keer Baq's Antique Armour Boutique.
  9500 | Orc:2    | Found Tyakhuigh's Gadget Shop.
  9505 | Orc:2    | Bought the +3 crown of Dyrovepreva {rElec Int+2 SInv} for
                  | 496 gold pieces
  9505 | Orc:2    | Found the +3 crown of Dyrovepreva {rElec Int+2 SInv}
  9513 | Orc:2    | Bought a jewelled kite shield for 247 gold pieces
  9523 | Orc:2    | Identified the +3 kite shield of the Fisher {+Fly Dex+4}
                  | (You bought it in a shop on level 2 of the Orcish Mines)
  9524 | Orc:2    | Bought the +4 battleaxe of Corporal Punishment {flame,
                  | Int+4 Dex-2} for 429 gold pieces
  9731 | Orc:2    | Found a staircase to the Elven Halls.
  9887 | Lair:1   | Entered Level 1 of the Lair of Beasts
 10490 | Lair:2   | Found a shadowy altar of Dithmenos.
 10897 | Lair:3   | Lost mutation: Your muscles are strong. (Str +2) [potion of
                  | mutation]
 10897 | Lair:3   | Lost mutation: You are surrounded by a mild repulsion
                  | field. (EV +2) [potion of mutation]
 10897 | Lair:3   | Gained mutation: You are dopey. (Int -2) [potion of
                  | mutation]
 10897 | Lair:3   | Gained mutation: You are resistant to electric shocks.
                  | (rElec) [potion of mutation]
 10897 | Lair:3   | Gained mutation: You are somewhat resistant to further
                  | mutation. [potion of mutation]
 11006 | Lair:3   | Found a transporter.
 11006 | Lair:3   | Found a transporter.
 11035 | Lair:3   | Noticed Somi's ghost (journeyman MiBe)
 11327 | Lair:3   | Found a staircase to the Snake Pit.
 11814 | Lair:4   | Found a staircase to the Shoals.
 12228 | Snake:1  | Entered Level 1 of the Snake Pit
 12239 | Snake:1  | Reached skill level 10 in Armour
 12239 | Snake:1  | Reached ****** piety under Makhleb
 12373 | Snake:1  | Gained mutation: You resist negative energy. (rN+) [Deep
                  | Dwarf growth]
 12373 | Snake:1  | Reached XP level 14. HP: 84/135 MP: 16/16
 12495 | Snake:1  | Found Biav Rinu's Jewellery Boutique.
 12503 | Snake:1  | Bought the ring "Wohomm" {Fire rPois Str+3 Slay+3} for 936
                  | gold pieces
 12743 | Snake:3  | Noticed Vashnia
 12770 | Snake:3  | HP: 2/136 [naga sharpshooter/bolt[Vashnia] (24)]
 12770 | Snake:3  | Shot with a bolt by a naga sharpshooter

Levels and vault maps discovered:
D:1:      nagdon_arrival_zigzag_paths, layout_basic, kennysheep_flooded_box
D:2:      layout_basic, minmay_misc_feat_four_crosses
D:3:      minmay_wonky_spiral, layout_loops_ring, old_standard_altar,
          first_ration, dk_noncrumbling_4
D:4:      cheibrodos_quashed, layout_basic, gammafunk_temple_overflow_forgotten,
          uniq_ijyb
D:5:      layout_basic, serial_shops, nicolae_shop_stone, wad_floor_pattern_1
D:6:      layout_basic, minmay_temple_entry_wispy
D:7:      layout_loops_ring, serial_shops, shop, uniq_harold, uniq_duvessa
D:8:      layout_gridville, grunt_lair_entry_orc_guard_hut
D:9:      layout_roguey, special_room [special_room_bee], serial_shops, shop
D:10:     gammafunk_the_bubble [the_bubble_gammafunk_grid], layout_loops_ring,
          david_nohive_1, minmay_misc_feat_square
D:11:     layout_gridville, orc_0_dummy, serial_shops, kennysheep_little_box,
          shop, shop, shop, kennysheep_mini, serial_park_tiny_pond, uniq_erolcha
D:12:     layout_basic, gauntlet_entry_generic, nicolae_wwwww, billiards_dpeg,
          uniq_maurice, uniq_snorg, uniq_josephine
D:13:     layout_rooms, hangedman_vaults_entry_quadrant_bands
Temple:   eino_narrow_crystal_temple
Lair:1:   layout_big_grid, nicolae_volcano_entry_vermiform,
          nicolae_quartered_pool_super, lemuel_fruit_tree
Lair:2:   layout_loops_ring, basic_altar, grunt_megastairs_4
Lair:3:   minmay_lair_venomous_thicket, layout_regular_city, dummy_snake_entry,
          gammafunk_ghost_hive, st_stairs_5, infiniplex_staircase_pool_2,
          minmay_lair_oklob_chamber
Lair:4:   layout_roguey, elwin_shoals_entry_rooms, chequers_serial_rivers_room_a
Snake:1:  layout_chambers, serial_shops,
          nicolae_shop_temple_entry_statues_fountains
Snake:2:  layout_rooms
Snake:3:  layout_cave_town, uniq_vashnia, uniq_donald
Orc:1:    layout_diamond_mine, serial_shops, nicolae_shop_statue_plus
Orc:2:    st_orc_mages, layout_caves

Skill      XL: |  1  2  3  4  5  6  7  8  9 10 11 12 13 14 |
---------------+-------------------------------------------+-----
Fighting       | 3 4 5 6 7 8 9 10 11 | 11.8
Dodging        | 1 2 4 5 6 7 8 9 |  9.8
Axes           | 3 4 6 7 8 9 10 12 13 | 13.5
Armour         | 4 5 6 7 8 9 10 | 10.3
Shields        | 4 5 6 7 8 9 |  9.3
Invocations    | 2 6 9 10 12 13 | 13.1

Action                   |  1- 3 |  4- 6 |  7- 9 | 10-12 | 13-15 || total
-------------------------+-------+-------+-------+-------+-------++-------
Melee: War axe           |    62 |   110 |   402 |   558 |       ||  1132
       Hand axe          |       |       |       |   464 |    92 ||   556
       Battleaxe         |       |       |       |       |   364 ||   364
Invok: Lesser Servant of |       |       |       |    14 |     4 ||    18
       Greater Servant o |       |       |       |       |     2 ||     2
 Abil: Heal Wounds       |     2 |     9 |     9 |    12 |     8 ||    40
  Use: Potion            |       |     1 |     1 |     1 |     1 ||     4
       Scroll            |       |       |    15 |    13 |       ||    28
 Stab: Invisible         |       |       |       |     9 |       ||     9
       Distracted        |       |       |       |     4 |     1 ||     5
  Eat: Chunk             |       |     1 |    11 |    20 |     9 ||    41
       Ration            |       |       |       |       |     2 ||     2
Armor: Scale mail        |    22 |   108 |     8 |       |       ||   138
       Chain mail        |       |       |   143 |   533 |   313 ||   989
Dodge: Dodged            |    15 |    55 |   163 |   640 |   297 ||  1170
       Deflected         |       |       |       |       |    44 ||    44
Block: Kite shield       |    33 |   102 |   224 |   776 |    40 ||  1175

Table legend:
 A = Non-vault XP
 B = Vault XP
 C = Vault XP percentage of total XP
 D = Non-vault monster count
 E = Vault monster count
 F = Vault count percentage of total count
                 A         B        C        D         E       F
            +---------+---------+-------+---------+---------+-------
      Total |   56235 |   17140 |  23.4 |     431 |     122 |  22.1
            +---------+---------+-------+---------+---------+-------
        D:1 |       4 |       0 |   0.0 |       3 |       0 |   0.0
        D:2 |      62 |       0 |   0.0 |       8 |       0 |   0.0
        D:3 |      40 |      46 |  53.5 |      11 |       5 |  31.2
        D:4 |     468 |      35 |   7.0 |      19 |       1 |   5.0
        D:5 |    1077 |       0 |   0.0 |      29 |       0 |   0.0
        D:6 |    1059 |       0 |   0.0 |      20 |       0 |   0.0
        D:7 |    1261 |    1229 |  49.4 |      35 |       3 |   7.9
        D:8 |    1111 |     626 |  36.0 |      34 |       4 |  10.5
        D:9 |    3965 |    1470 |  27.0 |      26 |      20 |  43.5
       D:10 |    3872 |    1111 |  22.3 |      35 |      14 |  28.6
       D:11 |    3976 |    1027 |  20.5 |      23 |       1 |   4.2
       D:12 |    1897 |    4786 |  71.6 |      21 |      10 |  32.3
     Lair:1 |     865 |       0 |   0.0 |       4 |       0 |   0.0
     Lair:2 |    3834 |     143 |   3.6 |      19 |       1 |   5.0
     Lair:3 |    6148 |    2375 |  27.9 |      26 |      17 |  39.5
     Lair:4 |    3357 |     916 |  21.4 |      13 |       2 |  13.3
    Snake:1 |    8954 |       0 |   0.0 |      13 |       0 |   0.0
    Snake:2 |     424 |       0 |   0.0 |       1 |       0 |   0.0
    Snake:3 |    6336 |       0 |   0.0 |      14 |       0 |   0.0
      Orc:1 |    3786 |       0 |   0.0 |      38 |       0 |   0.0
      Orc:2 |    3739 |    3376 |  47.4 |      39 |      44 |  53.0
            +---------+---------+-------+---------+---------+-------
